 Dungeon Crawl Stone Soup version 0.15.0-12-gccce430 (webtiles) character file.

37 ANDROIDp the Gusty (level 3, -2/26 HPs)
             Began as a Draconian Air Elementalist on Sept 1, 2014.
             Slain by a gnoll
             ... wielding a +0 spear
              (4 damage)
             ... on Level 2 of the Dungeon.
             The game lasted 00:08:49 (1739 turns).

ANDROIDp the Gusty (Draconian Air Elementalist)     Turns: 1739, Time: 00:08:49

HP  -2/26        AC  5     Str 10      XL: 3   Next: 21%
MP   1/6         EV 12     Int 16      God:
Gold 103         SH  0     Dex 11      Spells:  2 memorised,  3 levels left

rFire  . . .     SeeInvis .     (no weapon)
rCold  . . .     Clarity  .     (armour unavailable)
rNeg   . . .     rCorr    .     (no shield)
rPois  .         rRot     .     (helmet restricted)
rElec  .         Spirit   .     (no cloak)
SustAb .         Warding  .     (no gloves)
rMut   .         Stasis   .     (no boots)
Gourm  .                        (no amulet)
MR     .....                    (no ring)
                                (no ring)

@: not resistant to hostile enchantments, unstealthy
A: unfitting armour, cold-blooded, AC +5
a: no special abilities


You were on level 2 of the Dungeon.
You were hungry.

You visited 1 branch of the dungeon, and saw 2 of its levels.

You collected 103 gold pieces.

Inventory:

Comestibles
 c - 2 bread rations
 f - a beef jerky
 o - a rotting chunk of quokka flesh
Scrolls
 a - 3 scrolls of identify {unknown}
 d - 2 scrolls of enchant armour {unknown}
 h - a scroll of random uselessness {unknown}
 l - 2 scrolls of remove curse {unknown}
 m - a scroll of blinking {unknown}
Potions
 e - a potion of cure mutation {unknown}
 g - a potion of restore abilities {unknown}
 i - a potion of curing {unknown}
 j - a potion of porridge
 k - a potion of might {unknown}
 n - a potion of confusion {unknown}
Books
 b - a book of Air

   Spells                             Type                      Level
   *Shock                             Conjuration/Air              1
   Swiftness                          Charms/Air                   2
   Repel Missiles                     Charms/Air                   2
   Flight                             Charms/Air                   3
   *Static Discharge                  Conjuration/Air              3
   Lightning Bolt                     Conjuration/Air              5


   Skills:
 - Level 1.7 Dodging
 - Level 1.7 Stealth
 + Level 2.7 Spellcasting
 - Level 1.0 Conjurations
 + Level 3.7 Air Magic


You had 3 spell levels left.
You knew the following spells:

 Your Spells              Type           Power        Failure   Level  Hunger
a - Shock                 Conj/Air       #...         10%         1    #......
b - Static Discharge      Conj/Air       #.......     21%         3    ###....


Dungeon Overview and Level Annotations

Branches:
Dungeon (2/15)

Altars:


Innate Abilities, Weirdness & Mutations

Your plain brown scales are hard (AC +5).
Your body does not fit into most forms of armour.
Your cold-blooded metabolism reacts poorly to cold.


Message History

Casting: Shock
Confirm with . or Enter, or press ? or * to list all spells.
Aiming: Shock
Press: ? - help, Shift-Dir - straight line, f/p - gnoll
Aim: a gnoll, wielding a spear (heavily wounded)
The zap hits the gnoll.
The gnoll is severely wounded.
The zap hits the gnoll.
The gnoll is almost dead.
The gnoll barely misses you.
Casting: Shock
Confirm with . or Enter, or press ? or * to list all spells.
Aiming: Shock
Press: ? - help, Shift-Dir - straight line, f/p - gnoll
Aim: a gnoll, wielding a spear (severely wounded)
The zap hits the gnoll.
The gnoll is severely wounded.
The gnoll hits you but does no damage.
The gnoll hits you from afar with a spear.
You die...

#...'..........#...gg............
#.###..........#.####.###........
...........#####.# #.# #........
#.#..#.###.# #.####.###....<...
#.#..#.# #.# #.......##........
..#..#.# #.# #g.#.#..##....>...
###..#.# #.#####gg..#..##########
###..#.###.#.....##.#..#
................@.#.#..# #
###..#.###.#......#.#..# .#
#..#.# #.#...........##.####
####.###.#...................
#.#............##..#.####
######.#.#.####....(##..# #
........................#
####.#.#.#.####.#..#.#..#
#.#.#.#.##.......%...#


You could see 3 gnolls.

Vanquished Creatures
  3 giant cockroaches (D:1)
  5 hobgoblins
  2 jackals (D:1)
  5 kobolds
  A quokka (D:2)
  4 bats (D:1)
  7 giant newts
  4 goblins (D:1)
  7 rats
38 creatures vanquished.

Notes
Turn   | Place    | Note
--------------------------------------------------------------
     0 | D:1      | ANDROIDp, the Draconian Air Elementalist, began the quest for the Orb.
     0 | D:1      | Reached XP level 1. HP: 14/14 MP: 3/3
   160 | D:1      | Reached XP level 2. HP: 12/20 MP: 0/5
   860 | D:1      | Reached XP level 3. HP: 22/26 MP: 3/6
  1115 | D:1      | Learned a level 3 spell: Static Discharge
  1739 | D:2      | Slain by a gnoll

Action                   || total
-------------------------++-------
Melee: Unarmed           ||    44
 Cast: Shock             ||    69
       Static Discharge  ||     2
  Eat: Chunk             ||     3
